 Dungeon Crawl Stone Soup version 0.24.0-13-gcf9b319 (webtiles) character file.

Game seed: 13561544858625318954, levelgen mode: deterministic

697 Fang the Skirmisher (level 7, 0/44 HPs)
             Began as a Gargoyle Berserker on Dec 9, 2019.
             Was a Priest of Trog.
             Slain by a scorpion (4 damage)
             ... on level 3 of the Dungeon.
             The game lasted 00:05:03 (3409 turns).

Fang the Skirmisher (Gargoyle Berserker)            Turns: 3409, Time: 00:05:04

Health: 0/44       AC:  8    Str: 23    XL:     7   Next: 65%
Magic:  7/7        EV: 10    Int:  7    God:    Trog [***...]
Gold:   79         SH:  9    Dex:  9    Spells: 6/6 levels left

rFire    . . .     SeeInvis .   a - +0 war axe
rCold    . . .     Gourm    .   B - +0 shield
rNeg     + . .     Faith    .   b - +0 animal skin
rPois    ∞         Spirit   .   (no helmet)
rElec    +         Reflect  .   s - +0 cloak (curse)
rCorr    .         Harm     .   (no gloves)
MR       ++...                  (no boots)
Stlth    +.........             p - amulet of inaccuracy (curse)
HPRegen  1.14/turn              (no ring)
MPRegen  0.10/turn              (no ring)

@: berserk cooldown, regenerating, slowed, very slow
A: negative energy resistance 1, electricity resistance, unbreathing,
petrification resistance, rot immunity, AC +4
a: Berserk, Trog's Hand, Renounce Religion


You were on level 3 of the Dungeon.
You worshipped Trog.
Trog was most pleased with you.
You were hungry.

You visited 1 branch of the dungeon, and saw 4 of its levels.

You collected 79 gold pieces.

Inventory:

Hand Weapons
 a - a +0 war axe (weapon)
Armour
 b - a +0 animal skin (worn)
 s - a cursed +0 cloak (worn)
 B - a +0 shield (worn)
Jewellery
 p - a cursed amulet of inaccuracy (around neck)
Wands
 n - a wand of disintegration (10)
 o - a wand of paralysis (8)
 q - a wand of enslavement (10)
Scrolls
 d - 2 scrolls of magic mapping {unknown}
 f - a scroll of identify {unknown}
 g - a scroll of amnesia {unknown}
 h - a scroll of immolation {unknown}
 i - 2 scrolls of teleportation {unknown}
 j - a scroll of blinking {unknown}
 l - 3 scrolls of remove curse {unknown}
 r - 2 scrolls of random uselessness {unknown}
Potions
 e - 2 potions of might {unknown}
 k - a potion of lignification {unknown}
 m - a potion of curing {unknown}
Comestibles
 c - 3 rations


   Skills:
 + Level 5.3 Fighting
 + Level 4.4 Axes
 + Level 4.6 Armour
 + Level 3.4 Dodging
 + Level 2.7 Shields


You had 6 spell levels left.
You didn't know any spells.
Your spell library was empty.

Dungeon Overview and Level Annotations

Branches:
Dungeon (4/15)
 Temple: D:4-7

Altars:
The Shining One


Innate Abilities, Weirdness & Mutations

You are resistant to torment.
Your stone body is resilient. (AC +4)
You are immune to poison.
You resist negative energy. (rN+)
You are resistant to electric shocks. (rElec)
You can survive without breathing.
You are immune to petrification.
You are immune to rotting.


Message History

* * * LOW HITPOINT WARNING * * *
The orc wizard gestures wildly while chanting.
The orc wizard blinks!
The worker ant bites you.
* * * LOW HITPOINT WARNING * * *
The orc wizard is no longer moving quickly.
A giant cockroach comes into view.
The scorpion stings you but does no damage.
You block the worker ant's attack.
There is a stone staircase leading up here.
The worker ant bites you but does no damage.
You block the scorpion's attack. The giant cockroach bites you.
* * * LOW HITPOINT WARNING * * *
The worker ant closely misses you.
You climb upwards.
There is a stone staircase leading down here.
Your skin crawls.
You feel resistant to hostile enchantments.
You are feeling hungry.
The scorpion stings you.
You die...

########......# ♣)♣♣
#...........#.# ♣♣)♣
#.............## ♣)♣♣
#...........#..# ♣♣)♣
#.(.....#####.## ♣♣)♣♣
#.......#))....# ♣♣..)♣
#........[###.## ♣P..P♣
#......a..###.# #....#
#......@#.....######..##
#......s####............
#.......# #..######....
######### #.## #.....
#.# ##.)## ##.# ##.#
######..## #.#
#........# #(##
#........# #(..


You could see a scorpion and a worker ant.

Vanquished Creatures
  Grinder (D:3)
  The ghost of wahemi82 the Shield-Bearer, an amateur MiFi (D:3)
  An ogre (D:4)
  A howler monkey (D:4)
  Crazy Yiuf (D:3)
  3 orc priests
  Robin (D:3)
  A gnoll (D:1)
  5 adders
  2 oozes
  4 worms
  2 dart slugs (D:1)
  4 leopard geckos
  9 orcs
  3 giant cockroaches
  16 goblins
  4 hobgoblins (D:3)
  3 jackals (D:2)
  A quokka (D:3)
  2 ball pythons
  3 bats
  6 frilled lizards
  4 kobolds
  2 leopard gecko skeletons (D:4)
  7 rats
  2 fungi (D:3)
89 creatures vanquished.

Notes
Turn   | Place    | Note
-------+----------+-------------------------------------------
     0 | D:1      | Fang the Gargoyle Berserker began the quest for the Orb.
     0 | D:1      | Reached XP level 1. HP: 14/14 MP: 1/1
   258 | D:1      | Reached XP level 2. HP: 12/19 MP: 2/2
   369 | D:1      | Reached XP level 3. HP: 9/23 MP: 3/3
  1152 | D:1      | Found a glowing golden altar of the Shining One.
  1355 | D:2      | Reached XP level 4. HP: 14/29 MP: 4/4
  1699 | D:2      | Reached ** piety under Trog
  1699 | D:2      | Reached skill level 4 in Fighting
  1897 | D:3      | Noticed Robin
  1908 | D:3      | Killed Robin
  1926 | D:3      | Reached XP level 5. HP: 18/33 MP: 5/5
  2283 | D:3      | Noticed Grinder
  2295 | D:3      | Paralysed by Grinder for 6 turns
  2305 | D:3      | Killed Grinder
  2305 | D:3      | Reached skill level 1 in Shields
  2305 | D:3      | Reached XP level 6. HP: 11/40 MP: 6/6
  2577 | D:3      | Found a runed translucent gate.
  2577 | D:3      | Found a runed translucent gate.
  2577 | D:3      | Found a runed translucent gate.
  2577 | D:3      | Noticed wahemi82's ghost (amateur MiFi)
  2787 | D:3      | Killed wahemi82's ghost
  2787 | D:3      | Reached skill level 5 in Fighting
  2787 | D:3      | Reached XP level 7. HP: 44/44 MP: 7/7
  3169 | D:3      | Found a runed translucent door.
  3170 | D:3      | Noticed Crazy Yiuf
  3180 | D:3      | Killed Crazy Yiuf
  3180 | D:3      | Reached *** piety under Trog
  3407 | D:4      | HP: 2/44 [giant cockroach (2)]
  3409 | D:3      | Slain by a scorpion

Levels and vault maps discovered:
D:1:      arrival_zaba_pyramid, layout_loops_ring, tso_altar
D:2:      layout_basic
D:3:      layout_rooms, ebering_ghost_rock_garden, minmay_goblin_outpost,
          uniq_crazy_yiuf_cottage, uniq_robin, uniq_grinder
D:4:      layout_rooms, old_standard_altar, first_ration

Skill      XL: |  1  2  3  4  5  6 |
---------------+-------------------+-----
Axes           | 3 4 |  4.4
Dodging        | 2 3 |  3.4
Armour         | 3 4 |  4.6
Fighting       | 4 5 |  5.3
Shields        | 1 2 |  2.7

Action                   |  1- 3 |  4- 6 |  7- 9 || total
-------------------------+-------+-------+-------++-------
Melee: Hand axe          |    96 |    15 |       ||   111
       War axe           |       |   101 |    78 ||   179
Invok: Berserk           |     1 |     3 |     2 ||     6
       Trog's Hand       |       |     2 |     2 ||     4
  Eat: Chunk             |     2 |     8 |     1 ||    11
       Ration            |       |       |     1 ||     1
Armor: Animal skin       |    27 |    55 |    38 ||   120
Dodge: Dodged            |    67 |    93 |    46 ||   206
Block: Shield            |       |    30 |    51 ||    81
